 Dungeon Crawl Stone Soup version 0.28-a0-804-g60983d4ba9 (webtiles) character file.

Game seed: 17622446615791002766

1812 cheechan the Cudgeller (level 9, -4/81 HPs)
             Began as a Naga Fighter on Nov 7, 2021.
             Was an Initiate of Ashenzari.
             Slain by Harold (12 damage)
             ... on level 7 of the Dungeon.
             The game lasted 00:28:21 (7622 turns).

cheechan the Cudgeller (Naga Fighter)               Turns: 7622, Time: 00:28:23

Health: -4/81      AC: 10    Str: 26    XL:     9   Next: 10%
Magic:  9/9        EV:  8    Int:  9    God:    Ashenzari [......]
Gold:   366        SH:  6    Dex: 12    Spells: 6/8 levels left

rFire   . . .      SeeInvis +   g - +3 whip (vamp)
rCold   . . .      Faith    .   c - +1 buckler
rNeg    . . .      Spirit   .   b - +0 scale mail
rPois   +          Reflect  .   (no helmet)
rElec   .          Harm     .   h - +2 cloak
rCorr   .          Rampage  .   (no gloves)
Will    +....                   (no barding)
Stlth   +.........              (no amulet)
HPRegen 0.23/turn               p - +6 ring of strength
MPRegen 0.11/turn               (no ring)

@: mighty, marked, studying Spellcasting, very slow
A: AC +3, large, see invisible, deformed body, poison resistance, slowness 2,
spit poison 1, naga tail 1
a: Spit Poison, Renounce Religion, Curse Item


You were on level 7 of the Dungeon.
You worshipped Ashenzari.
Ashenzari was noncommittal.
You visited 2 branches of the dungeon, and saw 8 of its levels.

You collected 366 gold pieces.

Inventory:

Hand Weapons
 g - a +3 vampiric whip (weapon)
 x - a +0 whip of venom
Missiles
 a - 93 bolts
 f - 2 boomerangs
 i - 55 arrows
 j - 24 poisoned darts
 l - 6 javelins
 r - 17 sling bullets
 y - a curare-tipped dart
Armour
 b - a +0 scale mail (worn)
 c - a +1 buckler (worn)
 h - a +2 cloak (worn)
Jewellery
 p - a +6 ring of strength (left hand)
Wands
 t - a wand of flame (13)
 w - a wand of iceblast (6)
Scrolls
 k - a scroll of noise
 s - a scroll of amnesia
 v - a scroll of brand weapon
 z - a scroll of acquirement
 A - a scroll of teleportation
Potions
 d - a potion of might
 e - 2 potions of magic
 m - 3 potions of cancellation
 n - a potion of brilliance {unknown}
 o - 3 potions of haste
 q - 3 potions of flight
 u - a potion of degeneration {unknown}


   Skills:
 + Level 5.2 Fighting
 + Level 7.1 Maces & Flails
 + Level 5.7 Armour
 + Level 2.3 Dodging
 + Level 2.1 Stealth
 + Level 3.9 Shields


You had 6 spell levels left.
You knew the following spells:

 Your Spells              Type           Power      Damage    Failure   Level
a - Ensorcelled Hibernat  Hex/Ice        0%         N/A       78%         2

Your spell library contained the following spells:

 Spells                   Type           Power      Damage    Failure   Level
 Spider Form              Tmut/Pois      0%         N/A       95%         3


Dungeon Overview and Level Annotations

Branches:
Dungeon (7/15)             Temple (1/1) D:6

Altars:
Ashenzari
Cheibriados
Dithmenos
Elyvilon
Fedhas
Gozag
Hepliaklqana
Kikubaaqudgha
Makhleb
Nemelex Xobeh
Okawaru
Qazlal
Ru
Sif Muna
Trog
Uskayaw
Vehumet
Wu Jian
Yredelemnul
Zin
The Shining One

Shops:
D:7 *

Annotations:
D:7 Harold


Innate Abilities, Weirdness & Mutations

Your serpentine skin is tough. (AC +3)
You have supernaturally acute eyesight. (SInv)
Armour fits poorly on your strangely shaped body.
Your system is resistant to poisons. (rPois)
You cover ground very slowly.
You can spit poison.
You have a snake-like lower body.


Message History

Harold hits you but does no damage.
The centaur zombie hits you but does no damage.
The centaur zombie kicks you.
You hit Harold.
Harold is moderately wounded.
The scorpion stings you but does no damage.
The centaur zombie barely misses you.
The centaur zombie kicks you but does no damage.
You barely miss Harold.
Harold is moderately wounded.
Harold barely misses you. The centaur zombie hits you.
You block the centaur zombie's attack.
You whack Harold!
You feel better.
Harold is heavily wounded.
You block the scorpion's attack. Harold hits you with a +0 halberd!
* * * LOW HITPOINT WARNING * * *
You block the centaur zombie's attack.
The centaur zombie kicks you but does no damage.
You barely miss Harold.
Harold is heavily wounded.
The scorpion stings you.
* * * LOW HITPOINT WARNING * * *
Harold hits you with a +0 halberd!
* * * LOW HITPOINT WARNING * * *
Okay, then.
Okay, then.
Okay, then.
You hit Harold.
You feel better.
Harold is heavily wounded.
You have got your breath back.
The centaur zombie hits you but does no damage.
The centaur zombie kicks you but does no damage.
The scorpion stings you but does no damage.
You whack Harold!
Harold is severely wounded.
Harold looks more healthy.
The centaur zombie hits you but does no damage.
The centaur zombie kicks you but does no damage.
Harold hits you with a +0 halberd!
You die...

## # ....# ..... ... ...##.....
..## #### #.. .......... .....
##_## #.# #......... ......
#...## #.## #......... .......
⌠...⌠# ##..## #......... ........
#...####....###s@Z.....| ........
##.###..........@# .........
##'#⌠#.......(...# .........
#⌠...'....#####..# .........
##'#⌠#...## #..# .........
##.###..## #..# .....>... #...
#..## #..##..............
⌠...⌠#...## #..................
#...##....#####..##.....#......†.
##_##........#..## #....##.....<.


You could see Harold, a scorpion and a centaur zombie.

Vanquished Creatures
  Grinder (D:6)
  2 sky beasts (D:7)
  3 ogres
  2 phantoms
  A kobold brigand (D:6)
  A wyvern zombie (D:5)
  A bullfrog (D:7)
  4 scorpions
  2 orc priests
  5 hounds
  A bullfrog skeleton (D:5)
  A centaur skeleton (D:4)
  An iguana (D:5)
  3 orc wizards
  7 adders
  A white imp (D:6)
  An ufetubus (D:6)
  An adder zombie (D:5)
  2 worms
  3 dart slugs
  7 orcs
  A bat (D:1)
  7 endoplasms
  4 giant cockroaches
  5 goblins
  9 hobgoblins
  8 jackals
  3 ball pythons
  3 frilled lizards (D:2)
  10 kobolds
  3 rats
103 creatures vanquished.

Vanquished Creatures (collateral kills)
  A water moccasin skeleton (D:5)
1 creature vanquished.

Vanquished Creatures (others)
  An orc wizard (D:6)
1 creature vanquished.

Grand Total: 105 creatures vanquished

Notes
Turn   | Place    | Note
-------+----------+-------------------------------------------
     0 | D:1      | cheechan the Naga Fighter began the quest for the Orb.
     0 | D:1      | Reached XP level 1. HP: 21/21 MP: 1/1
   268 | D:1      | Reached XP level 2. HP: 24/28 MP: 2/2
   687 | D:2      | Found Bisytixkye's Magic Scroll Boutique.
   820 | D:2      | Reached XP level 3. HP: 25/34 MP: 3/3
  2436 | D:3      | Reached XP level 4. HP: 42/42 MP: 4/4
  2823 | D:4      | Found a bloodstained altar of Trog.
  2833 | D:4      | Noticed a phantom
  2857 | D:4      | Killed a phantom
  2858 | D:4      | Reached skill level 3 in Maces & Flails
  2858 | D:4      | Reached XP level 5. HP: 13/49 MP: 5/5
  3130 | D:4      | You fall into a shaft and drop 2 floors!
  3146 | D:6      | Reached skill level 1 in Stealth
  3196 | D:6      | Noticed Grinder
  3260 | D:5      | Entered Level 5 of the Dungeon
  3260 | D:5      | Noticed an ogre
  3579 | D:4      | Reached skill level 4 in Maces & Flails
  3579 | D:4      | Reached XP level 6. HP: 56/56 MP: 6/6
  4393 | D:5      | Reached skill level 1 in Dodging
  4393 | D:5      | Reached XP level 7. HP: 61/63 MP: 7/7
  4410 | D:5      | Found a blossoming altar of Fedhas.
  4471 | D:5      | Reached skill level 5 in Maces & Flails
  5061 | D:5      | Found a radiant altar of Vehumet.
  5357 | D:5      | Reached XP level 8. HP: 64/72 MP: 8/8
  5714 | D:6      | Found an iron altar of Okawaru.
  5756 | D:6      | Identified a scroll of acquirement
  5756 | D:6      | Acquired a manual of Spellcasting
  5834 | D:6      | Found a staircase to the Ecumenical Temple.
  5847 | D:6      | Reached skill level 6 in Maces & Flails
  5888 | D:6      | Killed Grinder
  5889 | D:6      | Reached skill level 5 in Armour
  6070 | Temple   | Entered the Ecumenical Temple
  6383 | Temple   | Became a worshipper of Ashenzari the Shackled
  6568 | D:6      | Noticed a cyclops
  6576 | D:6      | HP: 3/73 [cyclops/large rock (26)]
  7253 | D:7      | Reached skill level 5 in Fighting
  7262 | D:7      | Reached XP level 9. HP: 76/81 MP: 9/9
  7268 | D:7      | Found Qixt's Serpentskin Sales.
  7287 | D:7      | Reached skill level 7 in Maces & Flails
  7433 | D:7      | Learned a level 2 spell: Ensorcelled Hibernation
  7583 | D:7      | Found an ornate altar of the Wu Jian Council.
  7586 | D:7      | Found a sacrificial altar of Ru.
  7602 | D:7      | Noticed Harold
  7622 | D:7      | Slain by Harold

Illustrated notes

Levels and vault maps discovered:
D:1:      scummos_arrival_forest, layout_basic
D:2:      layout_basic, serial_shops, shop, hangedman_decor_push, st_stairs_11
D:3:      layout_basic
D:4:      layout_basic, trog_three_pillars_becter
D:5:      layout_basic, kennysheep_mini, fiery_altar_vehumet,
          grunt_ministairs_13, minmay_misc_feat_tiny
D:6:      layout_basic, mainiacjoe_overflow_paths, minmay_temple_entry_arrows,
          uniq_grinder
D:7:      layout_layer_cave, amethyst_overflow_temple_binary,
          guppyfry_shop_venom, uniq_harold
Temple:   regret_index_temple_generic_petals

Skill      XL: |  1  2  3  4  5  6  7  8  9 |
---------------+----------------------------+-----
Armour         | 3 4 5 |  5.7
Maces & Flails | 3 4 5 6 7 |  7.1
Shields        | 3 |  3.9
Stealth        | 1 2 |  2.1
Dodging        | 1 2 |  2.3
Fighting       | 4 5 |  5.2

Action                   |  1- 3 |  4- 6 |  7- 9 || total
-------------------------+-------+-------+-------++-------
Melee: Flail             |     9 |       |       ||     9
       Whip              |    58 |   138 |   241 ||   437
 Abil: Spit Poison       |    13 |     3 |    18 ||    34
  Use: Scroll            |     7 |     9 |     3 ||    19
       Potion            |       |     1 |     2 ||     3
Armor: Scale mail        |    40 |    77 |   109 ||   226
Dodge: Dodged            |    12 |    72 |    82 ||   166
Block: Buckler           |    15 |    47 |    61 ||   123

Table legend: (Time is in decaauts)
 A = Elapsed time spent in this place.
 B = Non-inter-level travel time spent in this place.
 C = Inter-level travel time spent in this place.
 D = Time resting spent in this place.
 E = Time spent auto-exploring this place.
 F = Levels seen in this place.
 G = Mean time per level.
                   A        B        C        D        E       F      G
               +--------+--------+--------+--------+--------+-----+--------+
         Total |   9813 |   9813 |      0 |   1349 |      0 |   8 | 1226.6 |
       Dungeon |   9294 |   9294 |      0 |   1349 |      0 |   7 | 1327.7 |
        Temple |    518 |    518 |      0 |      0 |      0 |   1 |  518.0 |
               +--------+--------+--------+--------+--------+-----+--------+

Top non-repeatable levels by time:
     D:5: 2026 daAuts
     D:2: 1773 daAuts
     D:6: 1522 daAuts
     D:4: 1410 daAuts
     D:3: 1080 daAuts
     D:1: 937 daAuts
     D:7: 544 daAuts
  Temple: 518 daAuts
